 Dungeon Crawl Stone Soup version 0.17-a0-777-g32247ce (webtiles) character file.

12 RobertPalmer the Bolt Thrower (level 2, -2/17 HPs)
             Began as a Kobold Hunter on Apr 26, 2015.
             Slain by a kobold
             ... wielding a +0 dagger
              (3 damage)
             ... on level 1 of the Dungeon.
             The game lasted 00:00:33 (299 turns).

RobertPalmer the Bolt Thrower (Kobold Hunter)        Turns: 299, Time: 00:00:34

Health: -2/17      AC:  3    Str: 10    XL:     2   Next: 45%
Magic:  2/2        EV: 14    Int:  9    God:
Gold:   43         SH:  0    Dex: 16    Spells: 0 memorised, 1 level left

rFire  . . .     SeeInvis .     a - +0 short sword
rCold  . . .     Clarity  .     d - +0 leather armour
rNeg   . . .     SustAb   .     (shield restricted)
rPois  .         Gourm    .     (no helmet)
rElec  .         Spirit   .     (no cloak)
rCorr  .         Warding  .     (no gloves)
rMut   .         Stasis   .     (no boots)
MR     .....                    (no amulet)
Stlth  ++........               (no ring)
                                (no ring)

@: not resistant to hostile enchantments, unstealthy
A: carnivore 3
a: no special abilities


You were on level 1 of the Dungeon.
You were not hungry.

You visited 1 branch of the dungeon, and saw 1 of its levels.

You collected 43 gold pieces.

Inventory:

Hand weapons
 a - a +0 short sword (weapon)
 b - a +1 hand crossbow
Missiles
 c - 20 bolts
Armour
 d - a +0 leather armour (worn)
Scrolls
 f - a scroll of fear {unknown}
 g - 3 scrolls of identify {unknown}
Comestibles
 e - a meat ration {@e2}


   Skills:
 - Level 2.1 Fighting
 + Level 2.5 Short Blades
 - Level 4.8 Crossbows
 - Level 2.4 Dodging
 - Level 1.3 Stealth


You had one spell level left.
You didn't know any spells.

Dungeon Overview and Level Annotations

Branches:
Dungeon (1/15)

Altars:


Innate Abilities, Weirdness & Mutations

You are small and have problems with some larger weapons.
You are carnivorous and can eat meat at any time.


Message History

You barely miss the giant cockroach. The giant cockroach closely misses you.
You hit the giant cockroach.
The giant cockroach bites you but does no damage.
You hit the giant cockroach.
You kill the giant cockroach!
No target in view!
No target in view!
No target in view!
h - a red potion You see here a giant cockroach corpse.
g - 2 scrolls labeled DIZITW RESU (gained 1)
g - 3 scrolls labeled DIZITW RESU (gained 1)
You open the door.
There is an open door here.
You open the door.
There is an open door here.
A bat comes into view.
Health restored: 12 A bat is nearby!
A bat is nearby!
A bat is nearby!
A goblin comes into view.
The goblin hits you.
You take 1 damage, and have 11/12 hp.
You hit the goblin.
You kill the goblin!
Your Short Blades skill increases to level 2!
You have reached level 2!
You regained 4 hp, and now have 15/17 hp.
MP restored: 2 The bat hits you but does no damage.
The bat hits you.
You take 1 damage, and have 14/17 hp.
You hit the bat. The bat closely misses you. The bat misses you.
The bat closely misses you. The bat hits you but does no damage.
You hit the bat.
You kill the bat!
No target in view!
No target in view!
As you open the door, it creaks loudly!
There is an open door here.
A goblin comes into view.
A goblin is nearby!
A goblin is nearby!
A goblin is nearby!
A goblin comes into view.
The goblin shouts! x2
You hear a shout!
The goblin closely misses you.
You hit the goblin but do no damage. The goblin hits you.
The goblin closely misses you.
You take 2 damage, and have 13/17 hp.
You hit the goblin.
You kill the goblin!
The goblin hits you.
A rat and a hobgoblin come into view.
You take 1 damage, and have 12/17 hp.
You hit the goblin.
You kill the goblin!
A kobold comes into view. It is wielding a dagger.
You hit the hobgoblin but do no damage.
The hobgoblin hits you but does no damage.
You barely miss the hobgoblin. The rat bites you. The hobgoblin misses you.
You hit the hobgoblin but do no damage. The rat closely misses you.
The hobgoblin barely misses you.
You hit the hobgoblin but do no damage. The rat misses you.
You hit the hobgoblin but do no damage. The hobgoblin hits you with a club.
The rat closely misses you.
You take 4 damage, and have 8/17 hp.
MASSIVE DAMAGE!!
You hit the hobgoblin. The hobgoblin hits you with a club.
* * * LOW HITPOINT WARNING * * *
You take 4 damage, and have 4/17 hp.
MASSIVE DAMAGE!!
You closely miss the hobgoblin.
The hobgoblin hits you but does no damage.
Drink which item? (? for menu, Esc to quit)
It was a potion of restore abilities.
You feel refreshed.
The hobgoblin hits you but does no damage.
You hit the hobgoblin but do no damage. The hobgoblin hits you with a club.
* * * LOW HITPOINT WARNING * * *
You take 2 damage, and have 3/17 hp.
You hit the hobgoblin but do no damage. You hit the hobgoblin but do no damage.
The hobgoblin closely misses you.
Unknown command.
You barely miss the hobgoblin.
The hobgoblin hits you but does no damage.
You hit the hobgoblin.
The hobgoblin hits you but does no damage.
You hit the hobgoblin. The hobgoblin barely misses you.
You hit the hobgoblin.
You kill the hobgoblin!
You hit the rat. The rat bites you.
* * * LOW HITPOINT WARNING * * *
You take 2 damage, and have 1/17 hp.
You hit the rat.
You kill the rat!
You hit the kobold. The kobold hits you with a dagger.
You die...

#..............#....
#..............#...
#...)..........#...
#....†.........#..
#..............#..
#..............#.#
#..............#.#
##'#############.#
#..@K...........##
###############..###
##.... ###.. ###


You could see a kobold.

Vanquished Creatures
  A bat (D:1)
  A giant cockroach (D:1)
  2 hobgoblins (D:1)
  2 kobolds (D:1)
  3 goblins (D:1)
  A rat (D:1)
10 creatures vanquished.

Notes
Turn   | Place    | Note
--------------------------------------------------------------
     0 | D:1      | RobertPalmer, the Kobold Hunter, began the quest for the Orb.
     0 | D:1      | Reached XP level 1. HP: 12/12 MP: 1/1
   106 | D:1      | Reached skill level 1 in Short Blades
   225 | D:1      | Reached skill level 2 in Short Blades
   225 | D:1      | Reached XP level 2. HP: 15/17 MP: 2/2
   281 | D:1      | HP: 4/17 [hobgoblin/club (4)]
   290 | D:1      | HP: 3/17 [hobgoblin/club (2)]
   297 | D:1      | HP: 1/17 [rat (2)]
   299 | D:1      | Slain by a kobold

Action                   || total
-------------------------++-------
Melee: Short sword       ||    38
  Use: Potion            ||     1

Vault maps used:
D:1:      scummos_arrival_forest, minmay_close_crescents

Table legend:
 A = Turns spent in this place as a percentage of turns spent in the entire game.
 B = Non-inter-level travel turns spent in this place as a percentage of non-inter-level travel turns spent in the entire game.
 C = Inter-level travel turns spent in this place as a percentage of turns spent in this place.
 D = Turns resting spent in this place as a percentage of non-inter-level travel turns spent in this place.
 E = Turns spent auto-exploring this place as a percentage of non-inter-level travel turns spent in this place.
 F = Non-inter-level travel turns spent in this place divided by the number of levels of this place that you've seen.
                   A       B       C       D       E      F
               +-------+-------+-------+-------+-------+----------------------
         Total | 100.0 | 100.0 |   0.0 |   0.0 |   8.6 | 128.0
       Dungeon | 100.0 | 100.0 |   0.0 |   0.0 |   8.6 | 128.0
               +-------+-------+-------+-------+-------+----------------------

Table legend:
 A = Kills in this place as a percentage of kills in entire the game.
 B = Kills by you in this place as a percentage of kills by you in the entire game.
 C = Kills by friends in this place as a percentage of kills by friends in the entire game.
 D = Other kills in this place as a percentage of other kills in the entire game.
 E = Experience gained in this place as a percentage of experience gained in the entire game.
 F = Experience gained in this place divided by the number of levels of this place that you have seen.
                   A       B       C       D       E      F
               +-------+-------+-------+-------+-------+----------------------
         Total | 100.0 | 100.0 |  -nan |  -nan | 100.0 |  18.0
       Dungeon | 100.0 | 100.0 |  -nan |  -nan | 100.0 |  18.0
               +-------+-------+-------+-------+-------+----------------------
